 Dungeon Crawl Stone Soup version 0.21.1-1-g345015f (webtiles) character file.

110 tidbits the Charmwright (level 4, -2/38 HPs)
             Began as a Gnoll Skald on June 18, 2018.
             Slain by an orc
             ... wielding a +0 short sword
              (5 damage)
             ... on level 4 of the Dungeon.
             The game lasted 00:04:06 (333 turns).

tidbits the Charmwright (Gnoll Skald)                Turns: 333, Time: 00:04:07

Health: -2/38      AC:  3    Str: 19    XL:     4   Next: 91%
Magic:  4/11       EV: 14    Int: 16    God:
Gold:   26         SH:  0    Dex: 14    Spells: 2/13 levels left

rFire    . . .     SeeInvis .   b - +0 hand axe
rCold    . . .     Gourm    .   (no shield)
rNeg     . . .     Faith    .   e - +0 leather armour
rPois    .         Spirit   .   (no helmet)
rElec    .         Reflect  .   (no cloak)
rCorr    .         Harm     .   (no gloves)
MR       .....                  (no boots)
Stlth    ++........             (no amulet)
HPRegen  0.12/turn              (no ring)
MPRegen  0.12/turn              (no ring)

@: mighty, hasted, very quick
A: distributed training, fangs 1, strong nose
a: no special abilities


You were on level 4 of the Dungeon.
You were not hungry.

You visited 1 branch of the dungeon, and saw 5 of its levels.

You collected 26 gold pieces.

Inventory:

Hand Weapons
 a - a +0 short sword
 b - a +0 hand axe (weapon)
 f - a +0 dagger
Missiles
 n - 23 arrows
Armour
 e - a +0 leather armour (worn)
Wands
 k - a wand of digging (7)
 o - a wand of acid (8)
Scrolls
 g - a scroll of amnesia {unknown}
 h - a scroll of blinking {unknown}
 m - 3 scrolls of teleportation {unknown}
Potions
 i - a potion of mutation {unknown}
 j - 3 potions of haste
 l - a potion of might
Books
 c - a book of Battle

   Spells                             Type                      Level
   a - Infusion                       Charms                       1
   b - Shroud of Golubria             Charms/Translocation         2
   c - Song of Slaying                Charms                       2
   d - Spectral Weapon                Hexes/Charms                 3
   e - Regeneration                   Charms/Necromancy            3
Comestibles
 d - 3 rations


   Skills:
 + Level 4.7 Fighting
 + Level 1.2 Short Blades
 + Level 1.2 Long Blades
 + Level 4.7 Axes
 + Level 1.2 Maces & Flails
 + Level 1.2 Polearms
 + Level 1.2 Staves
 + Level 1.2 Slings
 + Level 1.2 Bows
 + Level 1.2 Crossbows
 + Level 1.2 Throwing
 + Level 2.8 Armour
 + Level 4.7 Dodging
 + Level 1.2 Stealth
 + Level 1.2 Shields
 + Level 1.2 Unarmed Combat
 + Level 5.1 Spellcasting
 + Level 1.0 Conjurations
 + Level 1.0 Hexes
 + Level 5.5 Charms
 + Level 1.0 Summonings
 + Level 1.0 Necromancy
 + Level 1.0 Translocations
 + Level 1.0 Transmutations
 + Level 1.0 Fire Magic
 + Level 1.0 Ice Magic
 + Level 1.0 Air Magic
 + Level 1.0 Earth Magic
 + Level 1.0 Poison Magic
 + Level 1.4 Invocations
 + Level 1.2 Evocations


You had 2 spell levels left.
You knew the following spells:

 Your Spells              Type           Power        Failure   Level  Hunger
g - Shroud of Golubria    Chrm/Tloc      ##........   7%          2    #......
i - Infusion              Chrm           ###.         1%          1    None
r - Regeneration          Chrm/Necr      ##........   14%         3    ###....
w - Spectral Weapon       Hex/Chrm       ##......     14%         3    ###....
y - Song of Slaying       Chrm           ###.....     2%          2    #......


Dungeon Overview and Level Annotations

Branches:
Dungeon (5/15)
 Temple: D:4-7

Altars:
Kikubaaqudgha
Vehumet

Annotations:
D:5 tidbits's ghost, amateur GnSk


Innate Abilities, Weirdness & Mutations

Your experience applies equally to all skills.
You have very sharp teeth.
Your uncanny sense of smell can sniff out nearby items.


Message History

Your Evocations skill increases to level 1!
You have reached level 4!
You feel stronger. The jackal barely misses you.
You hit the jackal.
The jackal is almost dead.
Your spectral weapon closely misses the jackal.
The jackal barely misses you. The jackal bites you.
* * * LOW HITPOINT WARNING * * *
You barely miss the jackal. Your bite misses the jackal.
The jackal is almost dead.
Your spectral weapon hits the jackal.
You kill the jackal!
The crimson imp shouts, "Slither home, thou dankish moldwarp dandiprat!"
Casting: Spectral Weapon
Confirm with . or Enter, or press ? or * to list all spells.
Your skin crawls.
The crimson imp hits your spectral weapon.
Your spectral weapon shares its damage with you!
* * * LOW HITPOINT WARNING * * *
The crimson imp hits you but does no damage.
Things that are here:
a jackal corpse; a quokka corpse You hit the crimson imp.
The crimson imp is moderately wounded.
Your spectral weapon hits the crimson imp.
The crimson imp closely misses you.
The crimson imp hits you but does no damage.
You barely miss the crimson imp.
The crimson imp is moderately wounded.
Your spectral weapon fades away.
The crimson imp hits you.
* * * LOW HITPOINT WARNING * * *
Your skin is crawling a little less now.
There is a stone staircase leading up here.
You barely miss the crimson imp.
The crimson imp hits you but does no damage.
You hit the crimson imp but do no damage.
The crimson imp barely misses you.
You barely miss the crimson imp. The crimson imp barely misses you.
You hit the crimson imp.
The crimson imp is moderately wounded.
The crimson imp closely misses you.
You barely miss the crimson imp.
The crimson imp is moderately wounded.
Your skin stops crawling.
The crimson imp hits you but does no damage.
You closely miss the crimson imp.
The crimson imp is lightly wounded.
The crimson imp hits you but does no damage.
You hit the crimson imp but do no damage.
The crimson imp is lightly wounded.
The crimson imp barely misses you.
You hit the crimson imp but do no damage.
The crimson imp hits you.
* * * LOW HITPOINT WARNING * * *
You miss the crimson imp. The crimson imp closely misses you.
You hit the crimson imp but do no damage.
The crimson imp hits you.
* * * LOW HITPOINT WARNING * * *
You hit the crimson imp but do no damage.
Your bite misses the crimson imp. The crimson imp misses you.
The crimson imp barely misses you.
You hit the crimson imp.
The crimson imp is lightly wounded.
The crimson imp barely misses you.
You miss the crimson imp. The crimson imp misses you.
Tidbits's ghost (amateur Gnoll Skald) comes into view.
Tidbits's ghost turns its malevolent gaze towards you.
The crimson imp closely misses you.
You climb upwards.
An orc comes into view. It is wielding a flail.
Found an escape hatch in the floor.
There is a stone staircase leading down here.
Unknown command.
An adder and an orc come into view.
The adder hisses angrily.
The orc closely misses you.
An orc comes into view. It is wielding a short sword.
A worker ant comes into view.
The worker ant twitches its antennae in your direction.
The orc shouts!
You hear a shout!
Found 10 gold pieces.
Unknown command.
The orc hits you with a flail.
* * * LOW HITPOINT WARNING * * *
The crimson imp shouts, "Scamper away, thou puking toad-spotted scut!"
There is an escape hatch in the floor here.
Unknown command.
It was a potion of haste.
You feel yourself speed up. The adder bites you but does no damage.
The worker ant bites you.
* * * LOW HITPOINT WARNING * * *
The crimson imp barely misses you. The orc barely misses you.
The adder bites you.
* * * LOW HITPOINT WARNING * * *
Unknown command.
It was a potion of might.
You feel very mighty all of a sudden. The worker ant closely misses you.
The orc hits you with a short sword.
You die...

.....# #...#
#.....##...#
#......#...#
#......#...# ###
#......#...#
..########.##......#
....^..........aS..#
###..........#.#@o.####
# .......>.o5.o......
#..######..........
...Z ###..##.... ####
##....... ###. .. ...
.. $ .. ∆


You could see a worker ant, a crimson imp, an adder and 3 orcs.

Vanquished Creatures
  A bullfrog (D:5)
  2 adders
  A worm (D:2)
  A dart slug (D:3)
  3 bats (D:3)
  2 goblins (D:3)
  4 jackals (D:5)
  A quokka (D:5)
  3 frilled lizards
  2 kobolds (D:2)
20 creatures vanquished.

Notes
Turn   | Place    | Note
-------+----------+-------------------------------------------
     0 | D:1      | tidbits the Gnoll Skald began the quest for the Orb.
     0 | D:1      | Reached XP level 1. HP: 20/20 MP: 6/6
    15 | D:1      | You fall through a shaft!
    86 | D:3      | Reached XP level 2. HP: 11/26 MP: 5/7
   120 | D:3      | Found an ancient bone altar of Kikubaaqudgha.
   219 | D:4      | Reached XP level 3. HP: 16/31 MP: 5/9
   223 | D:4      | Learned a level 2 spell: Song of Slaying
   226 | D:4      | Learned a level 2 spell: Shroud of Golubria
   230 | D:4      | Learned a level 3 spell: Regeneration
   234 | D:4      | Learned a level 3 spell: Spectral Weapon
   246 | D:4      | Reached skill level 5 in Spellcasting
   259 | D:4      | Found a radiant altar of Vehumet.
   273 | D:5      | Entered Level 5 of the Dungeon
   292 | D:5      | Noticed a bullfrog
   303 | D:5      | Reached skill level 1 in Invocations
   304 | D:5      | Killed a bullfrog
   304 | D:5      | Reached skill level 1 in Short Blades
   304 | D:5      | Reached skill level 1 in Long Blades
   304 | D:5      | Reached skill level 1 in Maces & Flails
   304 | D:5      | Reached skill level 1 in Polearms
   304 | D:5      | Reached skill level 1 in Staves
   304 | D:5      | Reached skill level 1 in Slings
   304 | D:5      | Reached skill level 1 in Bows
   304 | D:5      | Reached skill level 1 in Crossbows
   304 | D:5      | Reached skill level 1 in Throwing
   304 | D:5      | Reached skill level 1 in Stealth
   304 | D:5      | Reached skill level 1 in Shields
   304 | D:5      | Reached skill level 1 in Unarmed Combat
   304 | D:5      | Reached skill level 1 in Conjurations
   304 | D:5      | Reached skill level 1 in Hexes
   304 | D:5      | Reached skill level 1 in Summonings
   304 | D:5      | Reached skill level 1 in Necromancy
   304 | D:5      | Reached skill level 1 in Translocations
   304 | D:5      | Reached skill level 1 in Transmutations
   304 | D:5      | Reached skill level 1 in Fire Magic
   304 | D:5      | Reached skill level 1 in Ice Magic
   304 | D:5      | Reached skill level 1 in Air Magic
   304 | D:5      | Reached skill level 1 in Earth Magic
   304 | D:5      | Reached skill level 1 in Poison Magic
   304 | D:5      | Reached skill level 1 in Evocations
   304 | D:5      | Reached XP level 4. HP: 6/38 MP: 3/11
   305 | D:5      | HP: 3/38 [jackal (3)]
   326 | D:5      | Noticed tidbits's ghost (amateur GnSk)
   332 | D:4      | HP: 3/38 [adder (2)]
   333 | D:4      | Slain by an orc

Skill      XL: |  1  2  3 |
---------------+----------+-----
Spellcasting   | 5 |  5.1
Invocations    | 1 |  1.4
Short Blades   | 1 |  1.2
Long Blades    | 1 |  1.2
Maces & Flails | 1 |  1.2
Polearms       | 1 |  1.2
Staves         | 1 |  1.2
Slings         | 1 |  1.2
Bows           | 1 |  1.2
Crossbows      | 1 |  1.2
Throwing       | 1 |  1.2
Stealth        | 1 |  1.2
Shields        | 1 |  1.2
Unarmed Combat | 1 |  1.2
Conjurations   | 1 |  1.0
Hexes          | 1 |  1.0
Summonings     | 1 |  1.0
Necromancy     | 1 |  1.0
Translocations | 1 |  1.0
Transmutations | 1 |  1.0
Fire Magic     | 1 |  1.0
Ice Magic      | 1 |  1.0
Air Magic      | 1 |  1.0
Earth Magic    | 1 |  1.0
Poison Magic   | 1 |  1.0
Evocations     | 1 |  1.2
Fighting       | |  4.7
Axes           | |  4.7
Armour         | |  2.8
Dodging        | |  4.7
Charms         | |  5.5

Action                   |  1- 3 |  4- 6 || total
-------------------------+-------+-------++-------
Melee: Short sword       |    33 |       ||    33
       Bite              |     3 |       ||     3
       Hand axe          |    16 |    17 ||    33
 Cast: Infusion          |     5 |       ||     5
       Spectral Weapon   |     2 |       ||     2
       Regeneration      |     1 |     1 ||     2
       Shroud of Golubri |     1 |       ||     1
  Use: Potion            |       |     2 ||     2
Armor: Leather armour    |    13 |     6 ||    19
Dodge: Dodged            |    54 |    17 ||    71

Table legend:
 A = Turns spent in this place as a percentage of turns spent in the entire game.
 B = Non-inter-level travel turns spent in this place as a percentage of non-inter-level travel turns spent in the entire game.
 C = Inter-level travel turns spent in this place as a percentage of turns spent in this place.
 D = Turns resting spent in this place as a percentage of non-inter-level travel turns spent in this place.
 E = Turns spent auto-exploring this place as a percentage of non-inter-level travel turns spent in this place.
 F = Non-inter-level travel turns spent in this place divided by the number of levels of this place that you've seen.
                   A       B       C       D       E      F
               +-------+-------+-------+-------+-------+----------------------
         Total | 100.0 | 100.0 |   0.0 |   0.0 |   0.0 |  66.6
       Dungeon | 100.0 | 100.0 |   0.0 |   0.0 |   0.0 |  66.6
               +-------+-------+-------+-------+-------+----------------------

Table legend:
 A = Kills in this place as a percentage of kills in entire the game.
 B = Kills by you in this place as a percentage of kills by you in the entire game.
 C = Kills by friends in this place as a percentage of kills by friends in the entire game.
 D = Other kills in this place as a percentage of other kills in the entire game.
 E = Experience gained in this place as a percentage of experience gained in the entire game.
 F = Experience gained in this place divided by the number of levels of this place that you have seen.
                   A       B       C       D       E      F
               +-------+-------+-------+-------+-------+----------------------
         Total | 100.0 | 100.0 |   N/A |   N/A | 100.0 |  31.6
       Dungeon | 100.0 | 100.0 |   N/A |   N/A | 100.0 |  31.6
               +-------+-------+-------+-------+-------+----------------------

Vault maps used:
D:1:      minmay_arrival_hallway, minmay_lizard_pond
D:2:      lemuel_coloured_pillars_altar, minitemple, uniq_robin
D:3:      minmay_diamond_boxcup, overflow_temple_1_default, marbit_many_paths,
          first_ration, gup_sewer_entry_pipe
D:4:      lemuel_round_altar
D:5:      okawaru_ov_weapons_minmay, uniq_eustachio, uniq_edmund
